 Dungeon Crawl Stone Soup version 0.30-a0-737-gf23d94013f (webtiles) character file.

Game seed: 3102812960087826754

74 retardedninja the Chopper (level 4, 0/34 HPs)
             Began as a Demonspawn Gladiator on Feb 1, 2023.
             Slain by a gnoll
             ... wielding a +0 spear
              (4 damage)
             ... on level 2 of the Dungeon.
             The game lasted 00:02:08 (1399 turns).

retardedninja the Chopper (Demonspawn Gladiator)    Turns: 1399, Time: 00:02:09

Health: 0/34       AC:  3    Str: 16    XL:     4   Next: 9%
Magic:  4/4        EV: 12    Int: 10    God:
Gold:   106        SH:  0    Dex: 14    Spells: 3/3 levels left

rFire   . . .      SeeInvis .    a - +0 war axe
rCold   . . .      Faith    .    (no shield)
rNeg    . . .      Spirit   .    b - +0 leather armour
rPois   .          Reflect  .    c - +0 helmet
rElec   .          Harm     .    n - +0 cloak
rCorr   .          Rampage  .    (no gloves)
Will    .....                    (no boots)
Stlth   +                        (no amulet)
HPRegen 0.25/turn                (no ring)
MPRegen 0.09/turn                (no ring)

@: brilliant
A: demonic magic 1, hooves 1, deformed body
a: no special abilities


You were on level 2 of the Dungeon.
You visited 1 branch of the dungeon, and saw 2 of its levels.

You collected 106 gold pieces.

Inventory:

Hand Weapons
 a - a +0 war axe (weapon)
Missiles
 d - 3 throwing nets (quivered)
 e - a javelin
Armour
 b - a +0 leather armour (worn)
 c - a +0 helmet (worn)
 n - a +0 cloak (worn)
Jewellery
 j - a +5 ring of evasion
Scrolls
 f - a scroll of identify
 g - a scroll of brand weapon {unknown}
 h - 2 scrolls of poison {unknown}
 l - a scroll of blinking {unknown}
Potions
 k - a potion of brilliance
 m - a potion of resistance


   Skills:
 + Level 2.7 Fighting
 + Level 3.2 Axes
 + Level 2.5 Throwing
 + Level 3.2 Dodging


You had 3 spell levels left.
You didn't know any spells.
Your spell library was empty.

Dungeon Overview and Level Annotations

Branches:
Dungeon (2/15)

Altars:


Innate Abilities, Weirdness & Mutations

Spells you cast may paralyse adjacent enemies.
You have large cloven feet.
Armour fits poorly on your strangely shaped body.


Message History

The bat hits you but does no damage.
A bat is nearby!
You hit the bat.
You kill the bat!
Key pressed, stopping explore.
No target in view!
No target in view!
You now have 106 gold pieces (gained 9).
A gnoll comes into view. It is wielding a +0 halberd.
Found a book of Party Tricks.
The gnoll shouts!
The gnoll moves out of view.
No target in view! 3 gnolls come into view.
The gnoll shouts!
The gnoll hits the plant with a +0 spear.
The plant begins to die.
There are monsters nearby!
There are monsters nearby!
You slash the gnoll!
The gnoll is heavily wounded.
The gnoll hits you from afar with a +0 halberd!
There are monsters nearby!
You slash the gnoll!
You kill the gnoll!
You have reached level 4!
You feel clever.
It was a potion of brilliance.
You feel clever all of a sudden.
A goblin comes into view. It is wielding a +0 club.
It was a potion of mutation.
You feel extremely strange.
Your body twists and deforms.
Your feet thicken and deform.
A nearby plant withers and dies.
The gnoll hits you from afar with a +0 halberd! x2
* * * LOW HITPOINT WARNING * * *
As you read the scroll labelled DANNOXTERY, it crumbles to dust.
It is a scroll of identify.
m - a potion of resistance The gnoll hits you from afar with a +0 spear.
You die...

## ## ###. ... #.. ....
############## #.# .P..P
..............##)#g.P...
...#### #...@.g.P:P.
##.###########..##g..P..
#....†........#.# P..P.
#......######..##


PPgP #.####.# #..# .PP #.# #.# #..# P. ..# #.# #..# # #### #.# #..# #.# #..# You
could see 3 gnolls and a goblin.

Vanquished Creatures
  2 gnolls
  2 adders (D:2)
  2 ball pythons
  3 endoplasms
  A giant cockroach (D:1)
  3 goblins
  A hobgoblin (D:2)
  2 jackals (D:1)
  2 quokkas (D:1)
  7 bats
  2 frilled lizards
  4 kobolds
  3 rats (D:2)
34 creatures vanquished.

Vanquished Creatures (others)
  A plant (D:2)
1 creature vanquished.

Grand Total: 35 creatures vanquished

Notes
Turn   | Place    | Note
-------+----------+-------------------------------------------
     0 | D:1      | retardedninja the Demonspawn Gladiator began the quest for
                  | the Orb.
     0 | D:1      | Reached XP level 1. HP: 16/16 MP: 1/1
   194 | D:1      | Found a faded altar of an unknown god.
   209 | D:1      | Gained mutation: Spells you cast may paralyse adjacent
                  | enemies. [demonic ancestry]
   209 | D:1      | Reached XP level 2. HP: 22/22 MP: 2/2
   741 | D:1      | Reached XP level 3. HP: 26/28 MP: 3/3
  1397 | D:2      | Reached XP level 4. HP: 24/34 MP: 4/4
  1398 | D:2      | Gained mutation: Armour fits poorly on your strangely
                  | shaped body. [potion of mutation]
  1398 | D:2      | Gained mutation: You have large cloven feet. [potion of
                  | mutation]
  1399 | D:2      | Slain by a gnoll

Illustrated notes

Levels and vault maps discovered:
D:1:      psy_arrival_conway, layout_basic, basic_ecumenical_altar
D:2:      layout_loops_ring, grunt_ministairs_11, minmay_misc_feat_columns,
          nicolae_grassy_gnolls

Skill      XL: |  1  2 |
---------------+-------+-----
Throwing       | 2 |  2.5
Axes           | 3 |  3.2
Dodging        | 3 |  3.2
Fighting       | |  2.7

Action                     |  1- 3 |  4- 6 || total
---------------------------+-------+-------++-------
  Melee: War axe           |    93 |       ||    93
  Throw: Throwing net      |     4 |       ||     4
    Use: Potion            |     2 |     2 ||     4
         Scroll            |       |     1 ||     1
   Stab: Held in net/web   |     2 |       ||     2
         Sleeping          |     1 |       ||     1
 Armour: Leather armour    |    36 |       ||    36
  Dodge: Dodged            |    72 |       ||    72

Table legend: (Time is in decaauts)
 A = Elapsed time spent in this place.
 B = Non-inter-level travel time spent in this place.
 C = Inter-level travel time spent in this place.
 D = Time resting spent in this place.
 E = Time spent auto-exploring this place.
 F = Levels seen in this place.
 G = Mean time per level.
                   A        B        C        D        E       F      G
               +--------+--------+--------+--------+--------+-----+--------+
         Total |   1435 |   1372 |     63 |    177 |    922 |   2 |  717.5 |
       Dungeon |   1435 |   1372 |     63 |    177 |    922 |   2 |  717.5 |
               +--------+--------+--------+--------+--------+-----+--------+

Top non-repeatable levels by time:
     D:1: 845 daAuts
     D:2: 589 daAuts
